[Event "FIDE WYCC Girls U18 2023"]
[Site "Montesilvano"]
[Date "2023.11.24"]
[Round "11.33"]
[White "Latifah, Darmaki"]
[Black "Darweeche, Roaa"]
[Result "1-0"]
[ECO "B01"]
[WhiteElo "1367"]
[BlackElo "1406"]
[Annotator "NA RC"]
[PlyCount "61"]
[EventDate "2023.11.13"]
[EventType "swiss"]
[EventCountry "ITA"]
[SourceTitle "playchess.com"]
[Source "ChessBase"]
[SourceQuality "1"]
[TimeControl "40/5400+30:1800+30"]

1. e4 d5 2. exd5 Nf6 3. d4 Nxd5 4. c4 Nf6 5. Nf3 e6 6. a3 c5 7. Be3 cxd4 8. Nxd4 Be7 9. Nc3 O-O 10. Be2 Bd7 11. Qb3 Nc6 12. Qxb7 Rb8 13. Nxc6 Rxb7 14. Nxd8 Rxd8 15. b4 Bc6 16. O-O Ne4 17. Nxe4 Bxe4 18. Rfd1 Rc8 19. c5 Rd8 20. b5 Rbd7 21. Rxd7 Rxd7 22. c6 Rc7 23. Rd1 Bd5 24. a4 Bd6 25. Bf3 Bxf3 26. Rxd6 Kf8 27. gxf3 Ke7 28. Bc5 Ke8 29. b6 axb6 30. Bxb6 Rc8 31. c7 1-0

[Event "FIDE WYCC Girls U18 2023"]
[Site "Montesilvano"]
[Date "2023.11.24"]
[Round "11.34"]
[White "Nielsen-Refs, Ingrid Elmer"]
[Black "Lunar Villaman, Sofia"]
[Result "1-0"]
[ECO "E71"]
[WhiteElo "1676"]
[BlackElo "1305"]
[Annotator "NA RC"]
[PlyCount "57"]
[EventDate "2023.11.13"]
[EventType "swiss"]
[EventCountry "ITA"]
[SourceTitle "playchess.com"]
[Source "ChessBase"]
[SourceQuality "1"]
[TimeControl "40/5400+30:1800+30"]

1. d4 Nf6 2. c4 g6 3. Nc3 Bg7 4. e4 d6 5. h3 O-O 6. Be3 e5 7. d5 a5 8. g4 Ne8 9. Nge2 Bf6 10. Qd2 Na6 11. g5 Bg7 12. Ng3 f5 13. exf5 Bxf5 14. Nxf5 gxf5 15. f4 e4 16. h4 Kf7 17. h5 Ke7 18. Bh3 Nc5 19. O-O-O Bxc3 20. Qxc3 Nd3+ 21. Kb1 Kd7 22. Rxd3 exd3 23. Qxd3 Kc8 24. Bxf5+ Kb8 25. Bxh7 Qd7 26. h6 Rh8 27. Bf5 Qe7 28. Bd4 Rf8 29. h7 1-0

[Event "FIDE WYCC Girls U18 2023"]
[Site "Montesilvano"]
[Date "2023.11.24"]
[Round "11.35"]
[White "Larsson, Susanne Wiggen"]
[Black "Gonzalez Romo, Greshya Jocelyn"]
[Result "0-1"]
[ECO "A06"]
[WhiteElo "1159"]
[BlackElo "1494"]
[Annotator "NA RC"]
[PlyCount "78"]
[EventDate "2023.11.13"]
[EventType "swiss"]
[EventCountry "ITA"]
[SourceTitle "playchess.com"]
[Source "ChessBase"]
[SourceQuality "1"]
[TimeControl "40/5400+30:1800+30"]

1. Nf3 d5 2. g3 c6 3. Bg2 Bf5 4. O-O e6 5. d3 Nf6 6. Nbd2 Be7 7. b3 O-O 8. Bb2 h6 9. Re1 Na6 10. e4 dxe4 11. dxe4 Bh7 12. Qe2 Nc5 13. Rad1 Qc7 14. Be5 Qc8 15. Nd4 Ncd7 16. Nc4 Nxe5 17. Nxe5 Qc7 18. Ng4 Nd7 19. e5 h5 20. Ne3 Nxe5 21. Qxh5 Bg6 22. Qe2 a6 23. h4 c5 24. Nf3 Bh5 25. Nc4 Nc6 26. Qd3 Rad8 27. Qe4 Rxd1 28. Rxd1 b5 29. Ne3 Nb4 30. c3 Bg6 31. Qe5 Qxe5 32. Nxe5 Nxa2 33. Ra1 Nxc3 34. Rxa6 Be4 35. f3 Bd5 36. Nxd5 exd5 37. Ra7 Bd6 38. f4 c4 39. bxc4 Bc5+ 0-1